Match 32900662
Unlisted

Match 32900662
End
Kettenkrad Recon Vehicle
Construct Infanterie Kompanie
Grenadier Squad
Grenadier Squad
Grenadier Squad
Construct Luftwaffe Kompanie
MG 42 Machine Gun Team
Luftwaffe Officer Quarters
MG 42 Machine Gun Team
Jäger Squad
Pioneer Squad
Construct Panzer Kompanie
Selects Mechanized Battlegroup
Selects Raid Package
Selects 8 Rad Armored Car
Selects UNKNOWN (2160084)
Selects Spotting Scopes
Selects Stoßtruppen Assault Package
Panther Heavy Tank
Selects Zeroing Artillery Barrage
Zeroing Artillery Barrage
Panther Heavy Tank
Zeroing Artillery Barrage
Pioneer Squad
Sturmpanzer IV Brummbär
Repair Bunker
Sturmpanzer IV Brummbär
Bruistablet
MiskendTalent
SLOVAK ARMY / 5th PSU /
Troll
0
0

Comments sign in to comment!

No comments posted yet!